 Dungeon Crawl Stone Soup version 0.28-a0-1629-gf728b707aa (webtiles) character file.

Game seed: 15085907321856257465

13566 fragbeetle the Spear-Bearer (level 12, 0/91 HPs)
             Began as a Merfolk Ice Elementalist on Jan 24, 2022.
             Was an Initiate of Gozag.
             Engulfed by a cloud of foul pestilence (19 damage)
             ... in a Gauntlet.
             The game lasted 00:51:36 (16411 turns).

fragbeetle the Spear-Bearer (MfIE)                 Turns: 16411, Time: 00:51:36

Health: 0/91       AC: 20    Str: 11    XL:     12   Next: 7%
Magic:  25/27      EV: 17    Int: 17    God:    Gozag
Gold:   639        SH:  5    Dex: 16    Spells: 2/19 levels left

rFire   + . .      SeeInvis .   I - +2 glaive (vorpal)
rCold   x . .      Faith    .   (shield currently unavailable)
rNeg    . . .      Spirit   .   M - +0 steam dragon scales
rPois   .          Reflect  +   L - +0 helmet
rElec   +          Harm     .   c - +0 cloak of the Imp {rElec rC- Will+ Str+2}
rCorr   .          Rampage  .   K - +2 pair of gloves
Will    +....      NoTele   +   l - +1 pair of boots
Stlth   +++.......              B - amulet of reflection
HPRegen 0.25/turn               m - ring of magical power
MPRegen 0.20/turn               U - ring of protection from fire

@: lethally poisoned (0 -> -29), ice-armoured, gold aura, slowed, very slow
A: (nimble swimmer 2), mertail
a: Renounce Religion, Potion Petition, Call Merchant, Bribe Branch


You were in a Gauntlet.
You worshipped Gozag.
Gozag was pleased with you.
You visited 3 branches of the dungeon, and saw 14 of its levels.
You also visited: Gauntlet.

You collected 1630 gold pieces.
You spent 180 gold pieces at shops.
You paid 811 gold pieces to Gozag.

Inventory:

Hand Weapons
 d - a +2 spear of flaming
 I - a +2 vorpal glaive (weapon)
Missiles
 e - 46 poisoned darts
 k - 9 javelins
 y - 4 boomerangs (quivered)
 G - 3 boomerangs of dispersal
 R - a curare-tipped dart
 W - 2 atropa-tipped darts
Armour
 c - the +0 cloak of the Imp (worn) {rElec rC- Will+ Str+2}
   (You found it on level 3 of the Dungeon)

   Str:       It affects your strength (+2).
   rC:        It makes you vulnerable to cold.
   rElec:     It insulates you from electricity.
   Will:      It increases your willpower.
 l - a +1 pair of boots (worn)
 K - a +2 pair of gloves (worn)
 L - a +0 helmet (worn)
 M - +0 steam dragon scales (worn)
Jewellery
 i - a ring of resist corrosion
 m - a ring of magical power (left hand)
 t - a ring of flight
 B - an amulet of reflection (around neck)
 U - a ring of protection from fire (right hand)
Wands
 f - a wand of digging (3)
 j - a wand of charming (3)
 x - a wand of paralysis (7)
 F - a wand of flame (12)
 T - a wand of iceblast (10)
 V - a wand of mindburst (15)
Scrolls
 a - a scroll of silence
 b - a scroll of fog
 g - a scroll of blinking {unknown}
 h - a scroll of summoning {unknown}
 o - a scroll of brand weapon
 p - a scroll of fear
 q - 5 scrolls of teleportation
 w - a scroll of amnesia
 C - a scroll of acquirement {unknown}
 N - 2 scrolls of magic mapping
Potions
 n - a potion of lignification
 r - a potion of heal wounds
 s - a potion of berserk rage {unknown}
 u - a potion of curing
 v - a potion of mutation {unknown}
 z - a potion of attraction {unknown}
 J - 2 potions of cancellation
 O - 2 potions of might
 Q - 2 potions of resistance
 S - a potion of magic {unknown}
Miscellaneous
 X - a tin of tremorstones (2/2)


   Skills:
 + Level 7.3 Fighting
 * Level 12.6 Polearms
 + Level 9.3 Dodging
 - Level 3.6 Stealth
 - Level 4.0 Shields
 - Level 4.0 Spellcasting
 * Level 5.0 Conjurations
 * Level 4.5 Hexes
 + Level 0.4 Summonings
 + Level 10.4 Ice Magic
 - Level 5.0 Poison Magic


You had 2 spell levels left.
You knew the following spells:

 Your Spells              Type           Power      Damage    Failure   Level
a - Freeze                Ice            100%       1d11      1%          1
b - Frozen Ramparts       Ice            76%        1d9       1%          3
c - Ozocubu's Armour      Ice            38%        N/A       1%          3
d - Mephitic Cloud        Conj/Pois/Air  14%        N/A       12%         3
e - Metabolic Englaciati  Hex/Ice        14%        N/A       21%         5
f - Call Imp              Summ           5%         N/A       21%         2

Your spell library contained the following spells:

 Spells                   Type           Power      Damage    Failure   Level
 Magic Dart               Conj           80%        1d7       1%          1
 Hailstorm                Conj/Ice       29%        3d8       7%          4
 Ice Form                 Ice/Tmut       21%        N/A       19%         4
 Iskenderun's Battlesphe  Conj           20%        2d7       50%         5
 Animate Armour           Summ/Erth      8%         N/A       82%         4
 Simulacrum               Ice/Necr       10%        N/A       96%         6
 Blade Hands              Tmut           1%         N/A       99%         5
 Iron Shot                Conj/Erth      5%         9d2       100%        6
 Spellforged Servitor     Conj/Summ      6%         N/A       100%        7


Dungeon Overview and Level Annotations

Branches:
Dungeon (11/15)            Temple (1/1) D:7            Lair (2/6) D:10
    Orc (0/2) D:9         Gauntlet (1/1)
  Swamp: Lair:2-4    Shoals: Lair:2-4     Snake: Lair:2-4    Spider: Lair:2-4

Altars:
Ashenzari
Cheibriados
Dithmenos
Elyvilon
Fedhas
Gozag
Hepliaklqana
Kikubaaqudgha
Makhleb
Nemelex Xobeh
Okawaru
Qazlal
Ru
Sif Muna
Trog
Uskayaw
Vehumet
Wu Jian
Xom
Yredelemnul
Zin
The Shining One

Shops:
D:1 :*([=   D:6 *   Lair:1 :

Annotations:
D:10 exclusion: downstairs, Harold
D:11 Fannar Gauntlet 9 transporters


Innate Abilities, Weirdness & Mutations

((You are very nimble when in or above water. (Stealth+, EV+, Speed+++)))
Your lower body shifts to a powerful aquatic tail in water.


Message History

Unknown command.
You feel much better.
You are engulfed in dark miasma.
You are more poisoned.
You feel yourself slow down.
You feel extremely sick. The death drake bites you.
* * * LOW HITPOINT WARNING * * *
Unknown command.
You hit the death drake.
The death drake is almost dead.
* * * LOW HITPOINT WARNING * * *
You feel extremely sick.
The death drake bites you but does no damage.
You hit the death drake.
The death drake is almost dead.
* * * LOW HITPOINT WARNING * * *
You feel extremely sick.
The death drake is no longer moving slowly.
The death drake misses you. The death drake breathes miasma at you.
The foul vapour engulfs you.
You are more poisoned.
* * * LOW HITPOINT WARNING * * *
You feel better.
You are engulfed in dark miasma.
You are lethally poisoned!
You feel as though you will be slow longer.
* * * LOW HITPOINT WARNING * * *
x2 You feel extremely sick.
The death drake completely misses you. The death drake misses you.
Okay, then.
You feel much better.
You feel very sick. The death drake breathes miasma at you.
The foul vapour misses you. The death drake misses you.
You hit the death drake.
You kill the death drake!
You are engulfed in dark miasma.
You are lethally poisoned!
You die...
Your body crumbles into a pile of gold.

## ### ################### ### ##
≈###≈###.................###≈###≈
≈≈#≈≈≈#...8⌠8..8∩8..8⌠8...#≈≈≈#≈≈
.................................
#################################
#..8#8..#8©8#.#.....#8©8#...#...#
#...85..#...#.#Z###"#...#.#.#.#.#
#8.8.835#...#.###°°?#...#.#.#.#?#
##8.5.8©#©.©#ZZ°@°°©#©.©#.##©##©#
#8.8.8..#####.###°°°#####.#.#.#!#
#...8...#...#.#.###.#...#.#.#.#.#
#..8#8..#.8.#.#.....#.8.#...#J..#
#########...#########...#########
.................................
≈≈#≈≈≈#≈≈≈#≈≈≈#≈≈≈#≈≈≈#≈≈≈#≈≈≈#≈≈
≈###≈###≈###≈###≈###≈###≈###≈###≈
## ### ### ### ### ### ### ### ##


You could see a spectral centaur warrior, a wolf spider zombie and a centaur
warrior zombie.

Vanquished Creatures
  Josephine (D:10)
  5 two-headed ogres
  A death drake (Gauntlet)
  A black mamba (Lair:2)
  A cane toad (Lair:1)
  A komodo dragon (Lair:1)
  Psyche (D:10)
  A troll (D:9)
  Prince Ribbit (D:6)
  4 blink frogs (Lair:1)
  A raiju (Gauntlet)
  5 wraiths
  A shadow (D:10)
  12 yaks (Lair:1)
  2 steam dragons
  4 water moccasins
  An ice beast (D:6)
  2 orc warriors
  An ogre (D:5)
  A black bear (D:7)
  A hornet zombie (D:8)
  A necrophage (D:6)
  4 centaurs
  A phantom (D:4)
  4 kobold brigands
  4 bullfrogs
  2 scorpions
  A gnoll sergeant (D:7)
  A water moccasin zombie (D:6)
  5 killer bees (D:8)
  8 wights
  A vampire bat (D:3)
  3 electric eels
  4 bullfrog zombies
  5 centaur zombies
  4 jellies
  A bullfrog skeleton (D:5)
  3 orc priests
  A centaur skeleton (D:7)
  4 iguanas
  3 orc wizards (D:9)
  8 hell rats (Lair:1)
  A killer bee zombie (D:8)
  A hound skeleton (D:5)
  2 howler monkey zombies
  15 gnolls
  2 howler monkey skeletons
  8 adders
  5 river rats (Lair:1)
  A shadow imp (D:7)
  3 white imps
  A worm (D:3)
  4 dart slugs
  3 fire bats (D:3)
  18 orcs
  A spectral bat (D:3)
  3 bat skeletons (D:3)
  A bat zombie (D:3)
  7 endoplasms
  4 giant cockroaches
  2 goblins (D:1)
  5 hobgoblins
  3 jackals
  4 quokkas
  6 ball pythons
  10 bats (D:3)
  A bat simulacrum (D:3)
  4 frilled lizards
  59 kobolds
  8 rats
298 creatures vanquished.

Vanquished Creatures (others)
  A spectral bat (D:3)
  A kobold (D:8)
  2 fungi (Lair:1)
  26 plants
30 creatures vanquished.

Grand Total: 328 creatures vanquished

Notes
Turn   | Place    | Note
-------+----------+-------------------------------------------
     0 | D:1      | fragbeetle the Merfolk Ice Elementalist began the quest for
                  | the Orb.
     0 | D:1      | Reached XP level 1. HP: 13/13 MP: 3/3
   409 | D:1      | Reached XP level 2. HP: 20/20 MP: 1/5
   885 | D:1      | Found Gaazungu's Antique Armour Boutique.
   954 | D:1      | Found Quint's Weapon Boutique.
   998 | D:1      | Found a faded altar of an unknown god.
  1001 | D:1      | Found Buus's Book Emporium.
  1046 | D:1      | Reached skill level 1 in Fighting
  1124 | D:1      | Found Viwid's General Store.
  1129 | D:1      | Reached XP level 3. HP: 26/26 MP: 4/6
  1133 | D:1      | Learned a level 3 spell: Frozen Ramparts
  1227 | D:1      | Found Nalinwud's Jewellery Emporium.
  1765 | D:2      | Reached skill level 5 in Ice Magic
  2197 | D:3      | Reached XP level 4. HP: 32/32 MP: 4/7
  2248 | D:3      | Learned a level 3 spell: Ozocubu's Armour
  2436 | D:3      | Reached XP level 5. HP: 38/38 MP: 4/8
  2893 | D:3      | Identified the +0 cloak of the Imp {rElec rC- Will+ Str+2}
  3431 | D:4      | Reached skill level 1 in Polearms
  3431 | D:4      | Reached XP level 6. HP: 36/46 MP: 7/9
  3736 | D:4      | Reached skill level 2 in Polearms
  4472 | D:4      | HP: 2/46 [phantom (3)]
  4948 | D:5      | Entered Level 5 of the Dungeon
  5564 | D:5      | Reached skill level 3 in Polearms
  5684 | D:5      | Reached XP level 7. HP: 52/52 MP: 10/10
  6052 | D:5      | Reached skill level 4 in Polearms
  6187 | D:5      | Reached skill level 5 in Dodging
  6569 | D:5      | Reached skill level 1 in Shields
  6735 | D:5      | Reached skill level 5 in Polearms
  6772 | D:5      | Reached XP level 8. HP: 59/59 MP: 7/11
  7145 | D:6      | Found Okluquda's General Store.
  7160 | D:6      | Noticed Prince Ribbit
  7253 | D:6      | You fall into a shaft and drop 3 floors!
  7308 | D:9      | Reached skill level 6 in Polearms
  7310 | D:9      | Noticed a two-headed ogre
  7797 | D:7      | Reached skill level 7 in Polearms
  7855 | D:7      | Reached XP level 9. HP: 66/66 MP: 12/12
  8390 | D:7      | Found a staircase to the Ecumenical Temple.
  8401 | Temple   | Entered the Ecumenical Temple
  8697 | Temple   | Became a worshipper of Gozag Ym Sagoz the Greedy
  8949 | D:7      | Found an ancient bone altar of Kikubaaqudgha.
  9044 | D:7      | Reached skill level 8 in Polearms
  9247 | D:6      | Reached skill level 5 in Fighting
  9783 | D:6      | Reached skill level 9 in Polearms
  9784 | D:6      | Killed Prince Ribbit
 10082 | D:1      | Bought a book of Minor Magic for 180 gold pieces
 10086 | D:1      | Learned a level 3 spell: Mephitic Cloud
 10575 | D:8      | Found a shadowy altar of Dithmenos.
 10834 | D:8      | Reached skill level 1 in Poison Magic
 10834 | D:8      | Reached XP level 10. HP: 30/74 MP: 14/14
 11014 | D:8      | Reached skill level 1 in Conjurations
 12227 | D:9      | Killed a two-headed ogre
 12228 | D:9      | Reached skill level 10 in Polearms
 12326 | D:9      | Noticed a two-headed ogre
 12353 | D:9      | Killed a two-headed ogre
 12397 | D:9      | Noticed a two-headed ogre
 12442 | D:9      | Killed a two-headed ogre
 12759 | D:9      | Found a sacrificial altar of Ru.
 12930 | D:9      | Found a staircase to the Orcish Mines.
 12950 | D:10     | Entered Level 10 of the Dungeon
 13114 | D:9      | Learned a level 5 spell: Metabolic Englaciation
 13148 | D:10     | Found a staircase to the Lair.
 13172 | Lair:1   | Entered Level 1 of the Lair of Beasts
 13288 | D:10     | Noticed Harold
 13320 | D:10     | Reached skill level 1 in Hexes
 13320 | D:10     | Reached XP level 11. HP: 59/82 MP: 17/17
 13354 | D:10     | Noticed a two-headed ogre
 13427 | D:10     | Noticed Psyche
 13442 | D:10     | Killed Psyche
 13443 | D:10     | Reached skill level 11 in Polearms
 13518 | D:10     | Noticed a two-headed ogre
 13524 | D:10     | Killed a two-headed ogre
 13690 | D:10     | Killed a two-headed ogre
 13990 | D:10     | Reached skill level 10 in Ice Magic
 13995 | D:10     | Noticed Josephine
 14017 | D:9      | Reached skill level 5 in Poison Magic
 14417 | D:10     | Killed Josephine
 14577 | D:11     | Noticed Fannar
 14577 | D:11     | Noticed a two-headed ogre
 15182 | Lair:1   | Reached skill level 12 in Polearms
 15847 | Lair:1   | Reached XP level 12. HP: 91/91 MP: 18/18
 15972 | Lair:1   | Learned a level 2 spell: Call Imp
 15991 | Lair:1   | Upgraded the game from 0.28-a0-1624-g820543e53a to
                  | 0.28-a0-1629-gf728b707aa
 16053 | Lair:2   | Found a gate leading to a gauntlet.
 16084 | Gauntlet | Entered a Gauntlet
 16084 | Gauntlet | Found a transporter.
 16113 | Gauntlet | Found a transporter.
 16116 | Gauntlet | Found a transporter.
 16117 | Gauntlet | Found a transporter.
 16125 | Gauntlet | Found a transporter.
 16125 | Gauntlet | Noticed a soul eater
 16128 | Gauntlet | Found a transporter.
 16129 | Gauntlet | Found a transporter.
 16138 | Gauntlet | Found a transporter.
 16141 | Gauntlet | Found a transporter.
 16142 | Gauntlet | Found a transporter.
 16144 | Gauntlet | Noticed a quicksilver ooze
 16150 | Gauntlet | Found a transporter.
 16153 | Gauntlet | Found a transporter.
 16154 | Gauntlet | Found a transporter.
 16167 | Gauntlet | Found a transporter.
 16353 | Gauntlet | Reached skill level 5 in Conjurations
 16408 | Gauntlet | HP: 3/91 [death drake/foul vapour (5)]
 16411 | Gauntlet | Engulfed by a cloud of foul pestilence

Illustrated notes

Levels and vault maps discovered:
D:1:      heliophobic_arrival_enchanted_forest, layout_basic, serial_forest,
          infiniplex_forest_straight_2, infiniplex_forest_clump_small,
          infiniplex_forest_clump_C, infiniplex_forest_end_1, serial_shops,
          nicolae_lakefront_shop, nicolae_shop_waterfront,
          nicolae_shop_waterfront, nicolae_shop_hallway_plus,
          nicolae_lakefront_shop, ebering_ecumenical_altar_webs
D:2:      layout_rooms, nrook_loot_triangle
D:3:      layout_loops_cross, goddamned_bats
D:4:      layout_basic
D:5:      minmay_goblin_kobold_castle, layout_loops_ring, grunt_tough_drop
D:6:      layout_basic, nicolae_stop_n_shop_2, uniq_prince_ribbit1
D:7:      layout_loops_corners, lemuel_coloured_pillars_altar,
          minmay_temple_entry_tees
D:8:      layout_cave_pods, mainiacjoe_overflow_alcove_1
D:9:      layout_basic, mainiacjoe_overflow_paths, orc_0_dummy
D:10:     layout_roguey, lair_entry_dummy,
          ploomutoo_gammafunk_ghost_potion_laboratory, minmay_holes,
          st_stairs_6, hangedman_abyss_or_decor_passed, uniq_josephine,
          uniq_harold, uniq_psyche
D:11:     layout_roguey, uniq_fannar
Temple:   mainiacjoe_temple_bowtie_tessellation
Lair:1:   layout_gridlike, kennysheep_abandoned_house, serial_bayou_shore_a
Lair:2:   layout_hall_layers, gauntlet_entry_generic, serial_bayou_shore_b,
          lemuel_fruit_fields
Gauntlet: gammafunk_gauntlet_77_escape_option
          [minmay_gauntlet_arena_77_checkered,
          minmay_gauntlet_arena_77_terracotta_army,
          minmay_gauntlet_arena_77_mirror, minmay_gauntlet_arena_77_two_paths,
          minmay_gauntlet_arena_77_block_sizes, gauntlet_exit_green]

Skill      XL: |  1  2  3  4  5  6  7  8  9 10 11 12 |
---------------+-------------------------------------+-----
Dodging        | 3 4 5 6 7 8 9 |  9.3
Fighting       | 1 2 3 4 5 6 7 |  7.3
Ice Magic      | 5 6 7 8 9 10 | 10.4
Stealth        | 3 |  3.6
Polearms       | 1 3 5 7 9 10 12 | 12.6
Shields        | 1 3 4 |  4.0
Spellcasting   | 3 4 |  4.0
Poison Magic   | 1 4 5 |  5.0
Conjurations   | 3 4 5 |  5.0
Hexes          | 1 4 |  4.5
Summonings     | |  0.4

Action                   |  1- 3 |  4- 6 |  7- 9 | 10-12 || total
-------------------------+-------+-------+-------+-------++-------
Melee: Unarmed           |     5 |       |       |       ||     5
       Dagger            |       |    76 |       |       ||    76
       Spear             |       |    42 |       |       ||    42
       Whip              |       |     4 |       |       ||     4
       Punch             |       |     1 |     1 |       ||     2
       Trident           |       |    64 |   131 |       ||   195
       Glaive            |       |       |   148 |   258 ||   406
       Tailslap          |       |       |       |     4 ||     4
Throw: Dart              |       |     4 |     2 |     9 ||    15
       Boomerang         |       |       |     1 |     9 ||    10
 Cast: Freeze            |    51 |    40 |       |       ||    91
       Frozen Ramparts   |       |     8 |    39 |    33 ||    80
       Ozocubu's Armour  |       |     8 |    29 |    25 ||    62
       Mephitic Cloud    |       |       |       |     2 ||     2
Invok: Call Merchant     |       |       |       |     1 ||     1
  Use: Potion            |       |     2 |       |     6 ||     8
       Scroll            |       |       |     7 |    11 ||    18
 Stab: Sleeping          |       |     9 |     8 |     1 ||    18
       Distracted        |       |       |       |     3 ||     3
Armor: Robe              |     5 |   107 |    47 |       ||   159
       Steam dragon scal |       |       |    33 |    59 ||    92
Dodge: Dodged            |    22 |   246 |   162 |   163 ||   593
Block: Buckler           |       |       |    43 |       ||    43
       Other             |       |       |    41 |    51 ||    92
       Reflection        |       |       |     5 |     1 ||     6

Table legend: (Time is in decaauts)
 A = Elapsed time spent in this place.
 B = Non-inter-level travel time spent in this place.
 C = Inter-level travel time spent in this place.
 D = Time resting spent in this place.
 E = Time spent auto-exploring this place.
 F = Levels seen in this place.
 G = Mean time per level.
                   A        B        C        D        E       F      G
               +--------+--------+--------+--------+--------+-----+--------+
         Total |  16444 |  15792 |    652 |   2209 |   9069 |  15 | 1096.3 |
       Dungeon |  14241 |  13592 |    649 |   2203 |   7732 |  11 | 1294.6 |
        Temple |    334 |    334 |      0 |      0 |    248 |   1 |  334.0 |
          Lair |   1564 |   1561 |      3 |      0 |    958 |   2 |  782.0 |
      Gauntlet |    303 |    303 |      0 |      6 |    130 |   1 |  303.0 |
               +--------+--------+--------+--------+--------+-----+--------+

Top non-repeatable levels by time:
     D:5: 2041 daAuts
     D:8: 1721 daAuts
     D:3: 1683 daAuts
     D:9: 1634 daAuts
     D:4: 1631 daAuts
  Lair:1: 1500 daAuts
     D:1: 1459 daAuts
    D:10: 1142 daAuts
     D:7: 1115 daAuts
     D:6: 1062 daAuts
     D:2: 712 daAuts
  Temple: 334 daAuts
Gauntlet: 303 daAuts
  Lair:2: 64 daAuts
    D:11: 36 daAuts
